 Dungeon Sprint DCSS version 0.27.1-3-gb3d3a73c9e (webtiles) character file.

Game seed: 11552131356313968489

2600000 raph the Axe Maniac (level 22, -1/194 HPs)
             Began as a Djinni Hedge Wizard on Oct 20, 2021.
             Was a High Priest of Makhleb.
             Slain by a meat berserker (84 damage)
             ... in the Dungeon (Sprint VIII: "Arena of Blood").
             The game lasted 00:01:24 (26 turns).

raph the Axe Maniac (Djinni Hedge Wizard)             Turns: 26, Time: 00:01:25

Health: -1/194     AC:  2    Str:  9    XL:     22   Next: 33%
Gold:   0          EV: 32    Int: 19    God:    Makhleb [*****.] SH:  0 Dex: 20

rFire    + + .     SeeInvis .   i - +∞ Axe of Woe
rCold    x . .     Faith    .   (shield currently unavailable)
rNeg     . . .     Spirit   .   b - +0 robe
rPois    ∞         Reflect  .   c - +0 hat
rElec    .         Harm     .   (no cloak)
rCorr    .         Rampage  .   (no gloves)
Will     ++...     NoTele   +   (boots unavailable)
Stlth    +++++++++.             (no amulet)
HPRegen  0.42/turn              (no ring)
MPRegen  0.00/turn              (no ring)

@: flying
A: sickness immunity, fire resistance 2, cold vulnerability 1, float, innate
caster, hp casting, extra vitality 1
a: Renounce Religion, Minor Destruction, Lesser Servant of Makhleb, Major
Destruction, Greater Servant of Makhleb


You were in the Dungeon.
You worshipped Makhleb.
Makhleb was extremely pleased with you.
You visited 1 branch

Inventory:

Hand Weapons
 a - a +0 dagger
 i - the +∞ Axe of Woe (weapon)
   (You found it in the Dungeon)
Armour
 b - a +0 robe (worn)
 c - a +0 hat (worn)
Scrolls
 h - a scroll of blinking
Potions
 d - a potion of curing
 e - a potion of heal wounds
 f - a potion of haste
 g - a potion of berserk rage


   Skills:
 O Level 27 Fighting
 O Level 27 Axes
 O Level 27 Dodging
 + Level 25.3 Stealth
 O Level 27 Spellcasting
 O Level 27 Invocations


You had 16 spell levels left.
You knew the following spells:

 Your Spells              Type           Power      Damage    Failure   Level
a - Magic Dart            Conj           100%       1d8       0%          1
b - Blink                 Tloc           N/A        N/A       0%          2
c - Call Imp              Summ           91%        N/A       0%          2
d - Slow                  Hex            91%        N/A       0%          2
e - Conjure Flame         Conj/Fire      91%        6-21      0%          3
f - Mephitic Cloud        Conj/Pois/Air  91%        N/A       0%          3
g - Animate Skeleton      Necr           100%       N/A       0%          1
h - Passwall              Tmut/Erth      75%        N/A       0%          2
i - Dazzling Flash        Conj/Hex       100%       N/A       0%          3
j - Vampiric Draining     Necr           45%        2d12      0%          3
k - Silence               Hex/Air        45%        N/A       0%          5
l - Alistair's Intoxicat  Tmut/Pois      60%        N/A       0%          5
m - Eringya's Noxious Bo  Tmut/Pois      45%        N/A       0%          6
n - Ozocubu's Refrigerat  Ice            45%        4d14      0%          7
o - Iron Shot             Conj/Erth      45%        9d9       0%          6
p - Summon Horrible Thin  Summ           45%        N/A       1%          8
Your spell library was empty.

Dungeon Overview and Level Annotations

Branches:
Dungeon (1/1)

Altars:
Makhleb


Innate Abilities, Weirdness & Mutations

You are immune to sickness and miasma.
You are immune to poison.
Your flesh is very heat resistant. (rF++)
You are vulnerable to cold. (rC-)
You float through the air rather than walking.
You learn spells naturally, not from books.
Your magical power is your life essence.
You have superior vitality. (+4 HP)


Message History

You kill the meat berserker!
Makhleb accepts your kill.
You can now summon a greater servant of Makhleb.
You slash the meat berserker!
You hew the meat berserker savagely.
You kill the meat berserker!
Makhleb accepts your kill.
You feel better.
You hear a shout! x3
A bag of meat comes into view. It is wielding a +9 war axe.
You hear a shout!
A bag of meat comes into view. It is wielding a +9 war axe.
A large bag of meat comes into view. It is wielding a +9 giant spiked club.
You hear a shout!
The bag of meat shouts!
You hear a shout! x3
Your Stealth skill gained 7 levels and is now at level 23!
Your Invocations skill gained 7 levels and is now at level 24!
You hit the large bag of meat.
Flame seeps out of the large bag of meat.
You slaughter the large bag of meat joyfully.
Makhleb accepts your kill.
The large bag of meat explodes!
The fiery explosion engulfs the meat berserker!!
The fiery explosion engulfs you! You resist.
You are engulfed in blazing flames.
You resist.
You hear a shout! x5
The meat berserker is engulfed in blazing flames.
The meat berserker rages.
A bag of meat comes into view. It is wielding a +9 war axe.
You hear a shout!
A destroyer comes into view. It is wielding a +9 vorpal great sword.
You hear a shout!
A bag of meat comes into view. It is wielding a +9 war axe.
Your Stealth skill gained 2 levels and is now at level 25!
You have mastered Invocations!
You have reached level 22!
A meat berserker comes into view.
It is wielding a +9 battleaxe. 2 orcs and an ogre come into view.
The meat berserker rages.
The meat berserker hits you with a +9 battleaxe!!!
The meat berserker hits you with a +9 battleaxe!!!!
You die... .. .. #.. ...# ..... #.. .oo# ..ooO

.###.. ..o###.....
......###..........
....._.o.........
#.....#.....o.# .
#_.<§§#O...o...
....#..))O#@.....#.
......)O)§§OO....o.
......###))O......#
.###....Ooo###.....
#..oVo..# .....
#....oo.# ....
..ooo.... ...
V..o.o..... ...


OOV....... You could see a destroyer, a large bag of meat (inner flame), 6 meat
berserkers and 19 bags of meat.

Vanquished Creatures
  9 ogres (D)
  A two-headed ogre (D)
  8 orcs (D)
18 creatures vanquished.

Notes
Turn   | Place    | Note
-------+----------+-------------------------------------------
     0 | D        | Found the +∞ Axe of Woe
     0 | D        | raph the Djinni Hedge Wizard began the quest for the Orb.
     0 | D        | Reached XP level 1. HP: 15/15 MP: 0/0
     1 | D        | Noticed a meat berserker
     2 | D        | Noticed a bag of meat
     3 | D        | Noticed a bag of meat
     4 | D        | Became a worshipper of Makhleb the Destroyer
     4 | D        | Noticed a meat berserker
     4 | D        | Noticed a meat berserker
     4 | D        | Noticed a bag of meat
     5 | D        | Killed a meat berserker
     5 | D        | Noticed a bag of meat
     6 | D        | Reached XP level 2. HP: 21/21 MP: 0/0
     6 | D        | Reached XP level 3. HP: 25/25 MP: 0/0
     6 | D        | Learned a level 1 spell: Animate Skeleton
     6 | D        | Reached XP level 4. HP: 31/31 MP: 0/0
     6 | D        | Reached XP level 5. HP: 35/35 MP: 0/0
     6 | D        | Learned a level 2 spell: Passwall
     6 | D        | Reached XP level 6. HP: 40/40 MP: 0/0
     6 | D        | Reached XP level 7. HP: 45/45 MP: 0/0
     6 | D        | Learned a level 3 spell: Dazzling Flash
     6 | D        | Reached XP level 8. HP: 50/50 MP: 0/0
     6 | D        | Reached XP level 9. HP: 55/55 MP: 0/0
     6 | D        | Learned a level 3 spell: Vampiric Draining
     6 | D        | Reached XP level 10. HP: 60/60 MP: 0/0
     6 | D        | Reached XP level 11. HP: 65/65 MP: 0/0
     6 | D        | Learned a level 5 spell: Silence
     6 | D        | Reached XP level 12. HP: 70/70 MP: 0/0
     6 | D        | Reached XP level 13. HP: 75/75 MP: 0/0
     6 | D        | Learned a level 5 spell: Alistair's Intoxication
     6 | D        | Noticed a bag of meat
     6 | D        | Killed a bag of meat
     6 | D        | Reached * piety under Makhleb
     7 | D        | Reached skill level 27 in Axes
     7 | D        | Reached XP level 14. HP: 87/87 MP: 0/0
     7 | D        | Killed a meat berserker
     8 | D        | Reached skill level 10 in Fighting
     8 | D        | Reached skill level 15 in Dodging
     8 | D        | Reached XP level 15. HP: 109/109 MP: 0/0
     8 | D        | Learned a level 6 spell: Eringya's Noxious Bog
     8 | D        | Killed a meat berserker
     8 | D        | Reached ** piety under Makhleb
     8 | D        | Noticed a meat berserker
     8 | D        | Noticed a meat berserker
     9 | D        | Reached skill level 15 in Fighting
     9 | D        | Reached XP level 16. HP: 126/126 MP: 0/0
    11 | D        | Reached XP level 17. HP: 133/133 MP: 0/0
    11 | D        | Learned a level 7 spell: Ozocubu's Refrigeration
    12 | D        | Killed a meat berserker
    12 | D        | Reached *** piety under Makhleb
    13 | D        | Reached XP level 18. HP: 147/147 MP: 0/0
    13 | D        | Killed a meat berserker
    14 | D        | Reached skill level 27 in Dodging
    14 | D        | Reached XP level 19. HP: 158/158 MP: 0/0
    14 | D        | Learned a level 6 spell: Iron Shot
    16 | D        | Noticed a meat berserker
    17 | D        | Reached **** piety under Makhleb
    18 | D        | Noticed a meat berserker
    18 | D        | Noticed a meat berserker
    18 | D        | Noticed a large bag of meat
    19 | D        | Killed a meat berserker
    19 | D        | Noticed a meat berserker
    19 | D        | Noticed a meat berserker
    20 | D        | Reached skill level 27 in Fighting
    20 | D        | Reached skill level 27 in Spellcasting
    20 | D        | Reached skill level 5 in Stealth
    20 | D        | Reached skill level 5 in Invocations
    20 | D        | Reached XP level 20. HP: 181/181 MP: 0/0
    20 | D        | Noticed a meat berserker
    20 | D        | Noticed a meat berserker
    20 | D        | Noticed a meat berserker
    20 | D        | Noticed a meat berserker
    20 | D        | Noticed a destroyer
    21 | D        | Killed a meat berserker
    21 | D        | Noticed a large bag of meat
    21 | D        | Noticed a meat berserker
    22 | D        | Reached XP level 21. HP: 187/187 MP: 0/0
    22 | D        | Learned a level 8 spell: Summon Horrible Things
    23 | D        | Noticed a destroyer
    24 | D        | Killed a meat berserker
    24 | D        | Reached ***** piety under Makhleb
    24 | D        | Killed a meat berserker
    24 | D        | Noticed a large bag of meat
    25 | D        | Killed a large bag of meat
    25 | D        | Noticed a destroyer
    26 | D        | Reached skill level 27 in Invocations
    26 | D        | Reached XP level 22. HP: 154/194 MP: 0/0
    26 | D        | Noticed a meat berserker
    26 | D        | Noticed a meat berserker
    26 | D        | Slain by a meat berserker

Illustrated notes

Levels and vault maps discovered:
D:        meatsprint

Skill      XL: |  1  2  3  4  5  6  7  8  9 10 11 12 13 14 15 16 17 18 19 20 21 |
---------------+----------------------------------------------------------------+-----
Axes           | 25 27 | 27.0
Fighting       | 3 10 15 16 18 21 27 | 27.0
Dodging        | 6 15 21 23 26 27 | 27.0
Spellcasting   | 4 11 16 17 20 22 27 | 27.0
Stealth        | 5 16 25 | 25.3
Invocations    | 5 17 27 | 27.0

Action                   |  1- 3 |  4- 6 |  7- 9 | 10-12 | 13-15 | 16-18 | 19-21 | 22-24 || total
-------------------------+-------+-------+-------+-------+-------+-------+-------+-------++-------
Melee: Executioner's axe |     1 |       |       |       |     3 |     3 |     6 |       ||    13
 Cast: Ozocubu's Refrige |       |       |       |       |       |     1 |       |       ||     1
       Iron Shot         |       |       |       |       |       |       |     1 |       ||     1
